 Dungeon Crawl Stone Soup version 0.22-b1-26-g9dbaab1 (webtiles) character file.

3757 poirepourri the Fighter (level 9, -6/101 HPs)
             Began as a Deep Dwarf Fighter on Aug 8, 2018.
             Mangled by a hippogriff (7 damage)
             ... on level 7 of the Dungeon.
             The game lasted 00:07:06 (4907 turns).

poirepourri the Fighter (Deep Dwarf Fighter)        Turns: 4907, Time: 00:07:06

Health: -6/101     AC: -1    Str: 20      XL:     9   Next: 94%
Magic:  1/1        EV:  8    Int:  9      God:
Gold:   384        SH: 12    Dex: 10 (15) Spells: 8/8 levels left

rFire    . . .     SeeInvis .   a - +0 war axe
rCold    . . .     Gourm    .   c - +1 shield
rNeg     . . .     Faith    .   b - +0 scale mail
rPois    .         Spirit   .   (no helmet)
rElec    .         Reflect  .   (no cloak)
rCorr    .         Harm     .   (no gloves)
MR       +....                  (no boots)
Stlth    ..........             d - amulet of rage
HPRegen  0.00/turn              (no ring)
MPRegen  0.07/turn              (no ring)

@: corroded, non-regenerating
A: damage resistance, heal wounds, hooves 1, sense surroundings 2, robust 1, no
regeneration
a: Heal Wounds, Evoke Berserk Rage


You were on level 7 of the Dungeon.
You were not hungry.

You visited 1 branch of the dungeon, and saw 7 of its levels.

You collected 384 gold pieces.

Inventory:

Hand Weapons
 a - a +0 war axe (weapon)
Missiles
 l - 35 bolts
Armour
 b - a +0 scale mail (worn)
 c - a +1 shield (worn)
Jewellery
 d - an amulet of rage (around neck)
Wands
 m - a wand of scattershot (4)
 o - a wand of enslavement (12)
 p - a wand of digging (8)
 t - a wand of polymorph (12)
Scrolls
 h - 5 scrolls of teleportation
 i - 2 scrolls of remove curse
 j - a scroll of blinking
 k - a scroll of magic mapping
Potions
 e - a potion of brilliance
 g - 3 potions of flight
 n - 2 potions of curing
 r - a potion of lignification
Comestibles
 f - 9 rations


   Skills:
 - Level 9.4 Fighting
 - Level 9.3 Axes
 - Level 3.2 Armour
 + Level 7.8 Shields


You had 8 spell levels left.
You didn't know any spells.
Your spell library was empty.

Dungeon Overview and Level Annotations

Branches:
Dungeon (7/15)
 Temple: D:4-7

Altars:
Cheibriados
Fedhas
Gozag
Nemelex Xobeh
Trog
Uskayaw
Yredelemnul


Innate Abilities, Weirdness & Mutations

You are resistant to damage.
You can heal yourself by infusing magical energy.
You passively map the area around you.
You do not regenerate.
You have large cloven feet.
You are robust. (+10% HP)


Message History

You hit the hippogriff but do no damage.
The hippogriff is severely wounded.
You hit the jelly.
You kill the jelly!
You closely miss the quasit. You barely miss the hound. The hound bites you.
* * * LOW HITPOINT WARNING * * *
The quasit barely misses you. The quasit claws you.
You block the quasit's attack.
The phantom blinks!
You block the hippogriff's attack. The hippogriff closely misses you.
You block the hippogriff's attack. The hound bites you.
* * * LOW HITPOINT WARNING * * *
The quasit completely misses you. The quasit closely misses you.
The quasit claws you.
You hit the hippogriff but do no damage.
The hippogriff is severely wounded.
You slash the hound! You hit the quasit.
You kill the quasit!
You hit the ogre but do no damage. You block the hound's attack.
The hippogriff bites you. The hippogriff pecks you!
You die...

, *, , * ,, *..,,,....
... ,, #.. .#..,#,..#
#...,#...#...#., ,
#...# .W#$.ยง#/.,* ,
#.%..#...#...#. ,
##....#l..#...#.
#.....OHhh..h...., ,
#.#.#..@#...#...# ,,
#....#...#...#.. *,
,/....$#..[#...# . .#,
.....#...#...#... ...#
, ....#...#...#...#
,..# ,
................., ..#
* ,
,...........###.###...#
,
,........##.###...5>#.#
,............###.####.#


You could see a hippogriff, a phantom, an ogre, 2 howler monkeys, an iguana and
a hound.

Vanquished Creatures
  Pikel (D:5)
  Sigmund (D:4)
  Menkaure (D:7)
  A sky beast (D:7)
  3 ogres
  An ice beast (D:6)
  3 phantoms
  4 centaurs (D:5)
  5 bullfrogs
  A wyvern zombie (D:6)
  4 scorpions
  4 wights (D:6)
  5 crimson imps
  A quasit (D:7)
  2 hounds
  2 jellies (D:7)
  2 centaur skeletons
  3 orc priests
  7 orc wizards
  Jessica (D:2)
  An iguana (D:4)
  Ijyb (D:3)
  Natasha (twice) (D:2)
  8 worker ants
  A killer bee zombie (D:6)
  A hound zombie (D:5)
  A hound skeleton (D:6)
  A howler monkey zombie (D:5)
  Robin (D:2)
  A worker ant zombie (D:7)
  3 gnolls (D:5)
  9 adders
  2 shadow imps
  3 worms
  3 leopard geckos
  24 orcs
  3 bats
  6 giant cockroaches
  2 gnoll zombies (D:7)
  14 goblins
  8 hobgoblins
  13 jackals
  2 quokkas
  A ball python (D:4)
  6 frilled lizards
  A jackal skeleton (D:4)
  16 kobolds
  8 rats
194 creatures vanquished.

Vanquished Creatures (others)
  An ooze (D:7)
1 creature vanquished.

Grand Total: 195 creatures vanquished

Notes
Turn   | Place    | Note
-------+----------+-------------------------------------------
     0 | D:1      | poirepourri the Deep Dwarf Fighter began the quest for the Orb.
     0 | D:1      | Reached XP level 1. HP: 20/20 MP: 1/1
    81 | D:1      | Reached XP level 2. HP: 27/27 MP: 2/2
   584 | D:2      | Reached XP level 3. HP: 28/33 MP: 3/3
   797 | D:2      | Noticed Jessica
   804 | D:2      | Reached skill level 5 in Axes
   804 | D:2      | Reached XP level 4. HP: 19/40 MP: 4/4
   822 | D:2      | Killed Jessica
   912 | D:2      | Noticed Natasha
   915 | D:2      | Noticed Robin
   920 | D:2      | Killed Natasha
   920 | D:2      | Reached XP level 5. HP: 18/46 MP: 5/5
   953 | D:2      | Killed Robin
  1032 | D:2      | Noticed Natasha
  1038 | D:2      | Killed Natasha
  1487 | D:3      | Found a sparkling altar of Nemelex Xobeh.
  1490 | D:3      | Found a bloodstained altar of Trog.
  1495 | D:3      | Found a blossoming altar of Fedhas.
  1639 | D:3      | Noticed a moth of wrath
  1642 | D:3      | Found a bloodstained altar of Trog.
  1869 | D:3      | Noticed Ijyb
  1883 | D:3      | Killed Ijyb
  1984 | D:4      | Reached XP level 6. HP: 51/55 MP: 6/6
  2044 | D:4      | Found a hide-covered altar of Uskayaw.
  2045 | D:4      | Found a snail-covered altar of Cheibriados.
  2046 | D:4      | Found an opulent altar of Gozag.
  2159 | D:4      | Noticed Sigmund
  2179 | D:4      | Killed Sigmund
  2180 | D:4      | Reached XP level 7. HP: 41/61 MP: 7/7
  2656 | D:5      | Entered Level 5 of the Dungeon
  2839 | D:5      | Reached XP level 8. HP: 23/73 MP: 5/5
  2870 | D:5      | Reached skill level 5 in Fighting
  3121 | D:5      | Noticed Pikel
  3143 | D:5      | Killed Pikel
  3567 | D:5      | Gained mutation: You passively map the area around you. [Deep Dwarf growth]
  3567 | D:5      | Reached XP level 9. HP: 25/88 MP: 4/4
  3702 | D:5      | You fall through a shaft!
  3907 | D:6      | Gained mutation: You have large cloven feet. [potion of mutation]
  3907 | D:6      | Gained mutation: You are robust. (+10% HP) [potion of mutation]
  4658 | D:7      | Reached skill level 5 in Shields
  4777 | D:7      | Found a basalt altar of Yredelemnul.
  4850 | D:7      | Noticed Menkaure
  4863 | D:7      | Killed Menkaure
  4900 | D:7      | HP: 2/101 [phantom (4)]
  4905 | D:7      | HP: 4/101 [acid (9)]
  4906 | D:7      | HP: 1/101 [hound (1)]
  4907 | D:7      | Mangled by a hippogriff

Skill      XL: |  1  2  3  4  5  6  7  8  9 |
---------------+----------------------------+-----
Axes           | 3 5 7 8 9 |  9.3
Fighting       | 4 8 9 |  9.4
Shields        | 7 |  7.8
Armour         | |  3.2

Action                   |  1- 3 |  4- 6 |  7- 9 || total
-------------------------+-------+-------+-------++-------
Melee: War axe           |   110 |   179 |   402 ||   691
       Kick              |       |       |    42 ||    42
 Abil: Heal Wounds       |       |     2 |    22 ||    24
       Evoke Berserk Rag |       |     1 |       ||     1
Evoke: Wand              |       |       |     3 ||     3
  Use: Scroll            |     2 |     4 |     7 ||    13
       Potion            |     1 |     1 |     7 ||     9
 Stab: Invisible         |       |       |     2 ||     2
  Eat: Ration            |     1 |     1 |     2 ||     4
       Chunk             |       |       |     3 ||     3
Armor: Scale mail        |    47 |    83 |   122 ||   252
       Skin              |       |       |     7 ||     7
Dodge: Dodged            |    41 |    68 |   122 ||   231
Block: Shield            |    63 |    89 |   211 ||   363
